Bruins vs Penguins

Created - 2 novembre 2020 at 20:51

Goals
1 2 3 T
Bruins 1 0 0 1
Penguins 0 3 1 4
Shots
1 2 3 T
Bruins 14 15 3 32
Penguins 11 18 9 38

1st period

1. Bruins , Tyler Bertuzzi 1 (Alex Iafallo 2, Radek Faksa 1) at 3:52

Penalties :
No Penalty

2nd period

2. Penguins , Drew Doughty 2 (Clayton Keller 2, Max Domi 2) at 4:26
3. Penguins , Nathan MacKinnon 1 (Drew Doughty 1, Jonathan Huberdeau 1) at 10:06 (PP)
4. Penguins , Alexander Nylander 1 (Drew Doughty 2, Shea Weber 2) at 15:51

Penalties :
Antoine Roussel (BOS) for Hooking (Minor) at 8:29, Oliver Bjorkstrand (PIT) for High sticking (Minor) at 12:38

3rd period

5. Penguins , Jonathan Huberdeau 1 (Nathan MacKinnon 3, Marcus Pettersson 1) at 15:28

Penalties :
Brendan Lemieux (BOS) for Holding (Minor) at 1:50

Goalie Stats

Tristan Jarry (BOS), 34 saves from 38 shots - (0,895), L, 0-2-0, 60:00 minutes
Connor Hellebuyck (PIT), 31 saves from 32 shots - (0,969), W, 2-1-0, 60:00 minutes

Players Stats for Bruins

Player Name              G  A  P  +/- PIM S  H  SB GA TA FO     MP     PP MP  PK MP  
------------------------------------------------------------------------------------
Adam Henrique            0  0  0  -1  0   8  0  0  0  0  16/24  21:47   1:15   0:57 
Alex Iafallo             0  1  1  -1  0   1  0  0  0  0  1/1    21:19   1:15   0:26 
Antoine Roussel          0  0  0  -1  2   3  4  1  0  0  2/2    17:39   0:00   1:28 
Brendan Lemieux          0  0  0   0  2   0  7  0  0  0  1/2    13:26   0:00   0:00 
Brett Pesce              0  0  0  -1  0   2  1  0  0  0  0/0    20:17   1:15   2:12 
Brian Dumoulin           0  0  0  -1  0   0  4  3  0  0  0/0    18:58   0:44   1:24 
Carl Hagelin             0  0  0   0  0   3  0  0  0  0  0/1    19:16   0:44   0:31 
Jayson Megna             0  0  0  -1  0   0  0  0  0  0  2/4    17:30   0:44   0:00 
Jonathon Merrill         0  0  0  -2  0   1  1  1  0  0  0/0    19:32   0:44   2:12 
Jordan Oesterle          0  0  0   1  0   0  0  1  0  0  0/0    22:14   1:15   0:00 
Marcus Sorensen          0  0  0   0  0   1  1  0  0  0  1/8     5:11   0:00   0:00 
Markus Nutivaara         0  0  0  -2  0   0  0  1  0  0  0/0    18:00   0:00   1:24 
Michael Frolik           0  0  0   0  0   0  0  0  0  0  0/0     0:00   0:00   0:00 
Michael Stone            0  0  0   1  0   1  0  1  0  0  0/0    20:59   0:00   0:00 
Radek Faksa              0  1  1  -1  0   5  2  0  0  0  20/32  22:43   1:15   1:53 
Tanner Fritz             0  0  0   0  0   0  0  1  0  0  0/0     1:48   0:00   0:00 
Tyler Bertuzzi           1  0  1  -1  0   7  0  0  0  0  0/1    20:19   0:44   0:00 
Vladimir Sobotka         0  0  0   0  0   0  1  0  0  0  5/18   15:24   0:00   1:57 

Players Stats for Penguins

Player Name              G  A  P  +/- PIM S  H  SB GA TA FO     MP     PP MP  PK MP  
------------------------------------------------------------------------------------
Adrian Kempe             0  0  0   0  0   0  1  0  0  0  5/19   18:28   1:07   1:16 
Alex DeBrincat           0  0  0   0  0   5  2  1  0  0  2/2    18:06   2:28   0:00 
Alexander Nylander       1  0  1   1  0   2  0  1  0  0  0/2     8:13   0:41   0:00 
Brent Seabrook           0  0  0  -1  0   0  4  2  0  0  0/0    18:21   0:00   0:00 
Clayton Keller           0  1  1   1  0   4  1  0  0  0  0/1    15:10   0:41   0:00 
David Perron             0  0  0   0  0   2  1  0  0  0  1/1    17:13   0:27   0:00 
Drew Doughty             1  2  3   2  0   1  4  2  0  0  0/0    25:00   2:02   1:05 
Filip Hronek             0  0  0  -1  0   1  1  1  0  0  0/0    20:49   1:34   0:54 
Gabriel Landeskog        0  0  0   0  0   4  1  1  0  0  1/5    17:43   0:38   0:00 
Jonathan Huberdeau       1  1  2   0  0   3  1  0  0  0  2/4    18:06   2:28   0:00 
Marcus Pettersson        0  1  1   1  0   1  1  0  0  0  0/0    15:50   0:00   0:54 
Max Domi                 0  1  1   1  0   0  1  0  0  0  11/21  15:45   0:00   1:16 
Nathan MacKinnon         1  1  2   1  0   10 1  0  0  0  21/36  25:50   1:37   0:43 
Oliver Bjorkstrand       0  0  0   1  2   2  2  0  0  0  2/2    15:09   0:41   0:00 
Oskar Lindblom           0  0  0   1  0   1  0  0  0  0  0/0     8:15   0:00   0:43 
Pierre-Luc Dubois        0  0  0   0  0   0  0  0  0  0  0/0     0:02   0:00   0:00 
Shea Weber               0  1  1   2  0   2  3  1  0  0  0/0    24:15   2:02   1:05 
Victor Mete              0  0  0   1  0   0  0  1  0  0  0/0    15:45   1:34   0:00 

3 Stars

1 - Drew Doughty (PIT)
2 - Connor Hellebuyck (PIT)
3 - Nathan MacKinnon (PIT)

Power Play

Bruins - 0 on 1 Attempt(s) - 0,00%
Penguins - 1 on 2 Attempt(s) - 50,00%

Penalty Kill

Bruins - 1 on 2 Attempt(s) - 50,00% - Score 0 goal in Penalty Kill
Penguins - 1 on 1 Attempt(s) - 100,00% - Score 0 goal in Penalty Kill

Team Stat

Bruins - Hits : 21 - Faceoff Wins : 48 - Blocked Shots : 9 - Penalty Minutes : 4
Penguins - Hits : 24 - Faceoff Wins : 45 - Blocked Shots : 10 - Penalty Minutes : 2

Official

Referees : Adam Bloski and Mitch Dunning
Linesman : Steven Walsh and Vaughan Rody

Game Notes

Pierre-Luc Dubois is injured at 0:20 of 1st period (Sprained Right Ankle)

Finance

Level 1 -- Attendance: 6162 (94,80%) -- Ticket Income 720 954 $
Level 2 -- Attendance: 5000 (100,00%) -- Ticket Income 400 000 $
Level 3 -- Attendance: 3500 (100,00%) -- Ticket Income 217 000 $
Level 4 -- Attendance: 2387 (100,00%) -- Ticket Income 100 254 $
Luxury Box -- Attendance: 1000 (100,00%) -- Ticket Income 225 000 $
Game was played at the Consol Energy Center.
Total Attendance: 18049 (98,16%)
Total Ticket Income: 1 663 208 $
Other Income: 814 972 $
Total Income: 2 478 180 $

% Time on Ice - Bruins

Lines # - Real PCT - Wanted PCT - Time Play
Normal Forward
1 - 36% - 40% - 19:35
2 - 30% - 30% - 16:12
3 - 25% - 20% - 13:27
4 - 10% - 10% - 5:11
Normal Defense
1 - 39% - 40% - 20:59
2 - 31% - 30% - 16:36
3 - 20% - 20% - 11:01
4 - 11% - 10% - 5:49
PP Forward
1 - 63% - 52% - 1:15
2 - 37% - 48% - 0:44
PP Defense
1 - 63% - 60% - 1:15
2 - 37% - 40% - 0:44
PK Forward
1 - 86% - 60% - 3:05
2 - 14% - 40% - 0:31
PK Defense
1 - 61% - 60% - 2:12
2 - 39% - 40% - 1:24
PK3 Forward
1 - 0% - 60%
2 - 0% - 40%
PK3 Defense
1 - 0% - 60%
2 - 0% - 40%
44 Forward
1 - 0% - 60%
2 - 0% - 40%
44 Defense
1 - 0% - 60%
2 - 0% - 40%
Last Minute Offensive  - 0:00
Last Minute Defensive  - 0:00
Total
Forward - 60:00
Defense - 60:00

% Time on Ice - Penguins

Lines # - Real PCT - Wanted PCT - Time Play
Normal Forward
1 - 31% - 35% - 16:46
2 - 29% - 30% - 15:38
3 - 27% - 25% - 14:29
4 - 14% - 10% - 7:32
Normal Defense
1 - 39% - 40% - 21:08
2 - 34% - 35% - 18:21
3 - 26% - 25% - 14:11
4 - 1% - 0% - 0:45
PP Forward
1 - 13% - 60% - 0:27
2 - 88% - 40% - 3:09
PP Defense
1 - 56% - 60% - 2:02
2 - 44% - 40% - 1:34
PK Forward
1 - 64% - 60% - 1:16
2 - 36% - 40% - 0:43
PK Defense
1 - 55% - 60% - 1:05
2 - 45% - 40% - 0:54
PK3 Forward
1 - 0% - 60%
2 - 0% - 40%
PK3 Defense
1 - 0% - 60%
2 - 0% - 40%
44 Forward
1 - 0% - 60%
2 - 0% - 40%
44 Defense
1 - 0% - 60%
2 - 0% - 40%
Last Minute Offensive  - 0:00
Last Minute Defensive  - 0:00
Total
Forward - 60:00
Defense - 60:00

Play-by-Play

1st period


0:01 of 1st period - Alex Iafallo wins face-off versus Nathan MacKinnon in neutral zone.
0:09 of 1st period - Icing by Shea Weber.
0:10 of 1st period - Adam Henrique wins face-off versus Nathan MacKinnon in Penguins zone.
0:18 of 1st period - Off-side.
0:19 of 1st period - Alex DeBrincat wins face-off versus Carl Hagelin in neutral zone.
0:19 of 1st period - Pierre-Luc Dubois is hit by Brendan Lemieux and loses puck.
0:20 of 1st period - Pierre-Luc Dubois from Penguins is injured at 0:20 of 1st period (Sprained Right Ankle).
0:21 of 1st period - Max Domi wins face-off versus Vladimir Sobotka in neutral zone.
0:21 of 1st period - Max Domi is hit by Brendan Lemieux.
0:28 of 1st period - Clayton Keller is hit by Brian Dumoulin and loses puck.
1:44 of 1st period - Shot by Alex Iafallo.
1:44 of 1st period - Stopped by Connor Hellebuyck without a rebound.
1:45 of 1st period - Adam Henrique wins face-off versus Adrian Kempe in Penguins zone.
2:29 of 1st period - Icing by Markus Nutivaara.
2:30 of 1st period - Adam Henrique wins face-off versus Nathan MacKinnon in Bruins zone.
2:50 of 1st period - Shot by David Perron.
2:50 of 1st period - Deflect By Gabriel Landeskog.
2:50 of 1st period - Shot Misses the Net.
3:08 of 1st period - Shot by David Perron.
3:08 of 1st period - Stopped by Tristan Jarry without a rebound.
3:09 of 1st period - Adrian Kempe wins face-off versus Vladimir Sobotka in Bruins zone.
3:38 of 1st period - Icing by Adrian Kempe.
3:39 of 1st period - Radek Faksa wins face-off versus Adrian Kempe in Penguins zone.
3:50 of 1st period - Shot by Tyler Bertuzzi.
3:50 of 1st period - Deflect By Alex Iafallo.
3:50 of 1st period - Shot Misses the Net.
3:52 of 1st period - Shot by Tyler Bertuzzi.
3:52 of 1st period - Goal by Tyler Bertuzzi - Bruins : 1 - Penguins : 0.
3:53 of 1st period - Nathan MacKinnon wins face-off versus Jayson Megna in neutral zone.
4:15 of 1st period - Shot by Antoine Roussel.
4:15 of 1st period - Stopped by Connor Hellebuyck without a rebound.
4:16 of 1st period - Radek Faksa wins face-off versus Max Domi in Penguins zone.
4:21 of 1st period - Shot by Tyler Bertuzzi.
4:21 of 1st period - Shot Misses the Net.
4:33 of 1st period - Shot by Radek Faksa.
4:33 of 1st period - Stopped by Connor Hellebuyck without a rebound.
4:34 of 1st period - Gabriel Landeskog wins face-off versus Marcus Sorensen in Penguins zone.
4:51 of 1st period - Shot by Nathan MacKinnon.
4:51 of 1st period - Stopped by Tristan Jarry with a rebound.
4:53 of 1st period - Shot by Shea Weber.
4:53 of 1st period - Stopped by Tristan Jarry without a rebound.
4:54 of 1st period - Nathan MacKinnon wins face-off versus Radek Faksa in Bruins zone.
5:05 of 1st period - Shot by Radek Faksa.
5:05 of 1st period - Stopped by Connor Hellebuyck without a rebound.
5:06 of 1st period - Max Domi wins face-off versus Marcus Sorensen in Penguins zone.
5:37 of 1st period - Shot by Adam Henrique.
5:37 of 1st period - Deflect By Carl Hagelin.
5:37 of 1st period - Shot Blocked by Shea Weber.
6:04 of 1st period - Icing by Filip Hronek.
6:05 of 1st period - Radek Faksa wins face-off versus Nathan MacKinnon in Penguins zone.
6:30 of 1st period - Shot by Radek Faksa.
6:30 of 1st period - Stopped by Connor Hellebuyck without a rebound.
6:31 of 1st period - Nathan MacKinnon wins face-off versus Adam Henrique in Penguins zone.
6:42 of 1st period - Shot by Adam Henrique.
6:42 of 1st period - Shot Misses the Net.
6:44 of 1st period - Shot by Adam Henrique.
6:44 of 1st period - Stopped by Connor Hellebuyck without a rebound.
6:45 of 1st period - Radek Faksa wins face-off versus Adrian Kempe in Penguins zone.
6:45 of 1st period - Michael Stone is hit by Drew Doughty and loses puck.
7:18 of 1st period - Shot by Tyler Bertuzzi.
7:18 of 1st period - Shot Hit the Post.
7:45 of 1st period - Shot by Nathan MacKinnon.
7:45 of 1st period - Shot Misses the Net.
7:47 of 1st period - Shot by Filip Hronek.
7:47 of 1st period - Stopped by Tristan Jarry without a rebound.
7:48 of 1st period - Jayson Megna wins face-off versus Max Domi in Bruins zone.
8:19 of 1st period - Shot by Antoine Roussel.
8:19 of 1st period - Stopped by Connor Hellebuyck without a rebound.
8:20 of 1st period - Nathan MacKinnon wins face-off versus Vladimir Sobotka in Penguins zone.
8:45 of 1st period - Shot by Gabriel Landeskog.
8:45 of 1st period - Shot Blocked by Markus Nutivaara.
8:47 of 1st period - Shot by Gabriel Landeskog.
8:47 of 1st period - Shot Misses the Net.
9:12 of 1st period - Markus Nutivaara is hit by Shea Weber and loses puck.
9:59 of 1st period - Clayton Keller is hit by Brendan Lemieux and loses puck.
10:10 of 1st period - Shot by Oliver Bjorkstrand.
10:10 of 1st period - Deflect By Clayton Keller.
10:10 of 1st period - Stopped by Tristan Jarry without a rebound.
10:11 of 1st period - Max Domi wins face-off versus Adam Henrique in Bruins zone.
10:12 of 1st period - Shot by Oliver Bjorkstrand.
10:12 of 1st period - Shot Misses the Net.
10:15 of 1st period - Icing by Jordan Oesterle.
10:16 of 1st period - Adam Henrique wins face-off versus Nathan MacKinnon in Bruins zone.
10:28 of 1st period - Shot by Jayson Megna.
10:28 of 1st period - Deflect By Adam Henrique.
10:28 of 1st period - Stopped by Connor Hellebuyck with a rebound.
10:30 of 1st period - Shot by Antoine Roussel.
10:30 of 1st period - Deflect By Adam Henrique.
10:30 of 1st period - Stopped by Connor Hellebuyck with a rebound.
11:50 of 1st period - Shot by Radek Faksa.
11:50 of 1st period - Deflect By Tyler Bertuzzi.
11:50 of 1st period - Shot Misses the Net.
11:52 of 1st period - Shot by Tyler Bertuzzi.
11:52 of 1st period - Stopped by Connor Hellebuyck without a rebound.
11:53 of 1st period - Oliver Bjorkstrand wins face-off versus Marcus Sorensen in Penguins zone.
11:58 of 1st period - Shot by Max Domi.
11:58 of 1st period - Shot Misses the Net.
12:59 of 1st period - Shot by Jayson Megna.
12:59 of 1st period - Shot Misses the Net.
13:53 of 1st period - Shot by Alex DeBrincat.
13:53 of 1st period - Shot Misses the Net.
14:21 of 1st period - Shot by Jonathan Huberdeau.
14:21 of 1st period - Stopped by Tristan Jarry without a rebound.
14:22 of 1st period - Max Domi wins face-off versus Radek Faksa in Bruins zone.
14:43 of 1st period - Shot by Clayton Keller.
14:43 of 1st period - Shot Misses the Net.
15:16 of 1st period - Shot by Marcus Sorensen.
15:16 of 1st period - Shot Misses the Net.
15:18 of 1st period - Shot by Marcus Sorensen.
15:18 of 1st period - Stopped by Connor Hellebuyck without a rebound.
15:19 of 1st period - Nathan MacKinnon wins face-off versus Vladimir Sobotka in Penguins zone.
15:30 of 1st period - Shot by Nathan MacKinnon.
15:30 of 1st period - Stopped by Tristan Jarry without a rebound.
15:31 of 1st period - Adam Henrique wins face-off versus Adrian Kempe in Bruins zone.
16:02 of 1st period - Shot by Oskar Lindblom.
16:02 of 1st period - Stopped by Tristan Jarry with a rebound.
16:06 of 1st period - Shot by Adrian Kempe.
16:06 of 1st period - Shot Blocked by Jordan Oesterle.
16:37 of 1st period - Shot by Nathan MacKinnon.
16:37 of 1st period - Shot Misses the Net.
16:47 of 1st period - Shot by David Perron.
16:47 of 1st period - Shot Misses the Net.
17:41 of 1st period - Shot by Jonathan Huberdeau.
17:41 of 1st period - Deflect By Alex DeBrincat.
17:41 of 1st period - Stopped by Tristan Jarry with a rebound.
18:25 of 1st period - Shot by Clayton Keller.
18:25 of 1st period - Stopped by Tristan Jarry without a rebound.
18:26 of 1st period - Nathan MacKinnon wins face-off versus Vladimir Sobotka in Bruins zone.
18:53 of 1st period - Shot by Gabriel Landeskog.
18:53 of 1st period - Stopped by Tristan Jarry without a rebound.
18:54 of 1st period - Radek Faksa wins face-off versus Adrian Kempe in Bruins zone.
18:54 of 1st period - Brett Pesce is hit by Jonathan Huberdeau and loses puck.
19:08 of 1st period - Shot by Tyler Bertuzzi.
19:08 of 1st period - Stopped by Connor Hellebuyck without a rebound.
19:09 of 1st period - Radek Faksa wins face-off versus Max Domi in Penguins zone.
19:10 of 1st period - Shot by Tyler Bertuzzi.
19:10 of 1st period - Shot Blocked by Filip Hronek.
19:22 of 1st period - Shot by Tyler Bertuzzi.
19:22 of 1st period - Stopped by Connor Hellebuyck without a rebound.
19:23 of 1st period - Nathan MacKinnon wins face-off versus Vladimir Sobotka in Penguins zone.
19:23 of 1st period - Nathan MacKinnon is hit by Brendan Lemieux.
19:34 of 1st period - Shea Weber is hit by Brendan Lemieux and loses puck.
19:38 of 1st period - Off-side.
19:39 of 1st period - Radek Faksa wins face-off versus Alexander Nylander in neutral zone.
19:43 of 1st period - Tyler Bertuzzi is hit by Filip Hronek and loses puck.
19:49 of 1st period - Icing by Filip Hronek.
19:50 of 1st period - Adrian Kempe wins face-off versus Vladimir Sobotka in Penguins zone.
Goals for this period are 1 for Bruins vs 0 for Penguins.
Shots for this period are 14 for Bruins vs 11 for Penguins.

2nd period


0:01 of 2nd period - Nathan MacKinnon wins face-off versus Radek Faksa in neutral zone.
1:19 of 2nd period - Shot by Carl Hagelin.
1:19 of 2nd period - Deflect By Adam Henrique.
1:19 of 2nd period - Shot Blocked by Victor Mete.
1:21 of 2nd period - Shot by Marcus Sorensen.
1:21 of 2nd period - Shot Misses the Net.
1:23 of 2nd period - Shot by Carl Hagelin.
1:23 of 2nd period - Deflect By Adam Henrique.
1:23 of 2nd period - Shot Misses the Net.
2:12 of 2nd period - Shot by Max Domi.
2:12 of 2nd period - Deflect By Oliver Bjorkstrand.
2:12 of 2nd period - Shot Blocked by Tanner Fritz.
2:18 of 2nd period - Tanner Fritz is hit by Clayton Keller and loses puck.
3:43 of 2nd period - Carl Hagelin is hit by Brent Seabrook and loses puck.
3:52 of 2nd period - Shot by Carl Hagelin.
3:52 of 2nd period - Stopped by Connor Hellebuyck without a rebound.
3:53 of 2nd period - Adrian Kempe wins face-off versus Marcus Sorensen in Penguins zone.
4:14 of 2nd period - Shot by Marcus Sorensen.
4:14 of 2nd period - Deflect By Adam Henrique.
4:14 of 2nd period - Stopped by Connor Hellebuyck without a rebound.
4:15 of 2nd period - Max Domi wins face-off versus Radek Faksa in Penguins zone.
4:24 of 2nd period - Shot by Clayton Keller.
4:24 of 2nd period - Shot Misses the Net.
4:26 of 2nd period - Shot by Drew Doughty.
4:26 of 2nd period - Goal by Drew Doughty - Bruins : 1 - Penguins : 1.
4:27 of 2nd period - Adam Henrique wins face-off versus Nathan MacKinnon in neutral zone.
4:27 of 2nd period - Jordan Oesterle is hit by David Perron and loses puck.
4:36 of 2nd period - Shot by Nathan MacKinnon.
4:36 of 2nd period - Stopped by Tristan Jarry without a rebound.
4:37 of 2nd period - Radek Faksa wins face-off versus Max Domi in Bruins zone.
4:56 of 2nd period - Shot by Jonathon Merrill.
4:56 of 2nd period - Stopped by Connor Hellebuyck without a rebound.
4:57 of 2nd period - Adam Henrique wins face-off versus Nathan MacKinnon in Penguins zone.
5:08 of 2nd period - Shot by Adam Henrique.
5:08 of 2nd period - Shot Misses the Net.
5:20 of 2nd period - Shot by Antoine Roussel.
5:20 of 2nd period - Deflect By Adam Henrique.
5:20 of 2nd period - Shot Misses the Net.
5:26 of 2nd period - Shot by Antoine Roussel.
5:26 of 2nd period - Shot Misses the Net.
5:28 of 2nd period - Shot by Adam Henrique.
5:28 of 2nd period - Stopped by Connor Hellebuyck without a rebound.
5:29 of 2nd period - Radek Faksa wins face-off versus Jonathan Huberdeau in Penguins zone.
5:52 of 2nd period - Shot by Alex Iafallo.
5:52 of 2nd period - Shot Blocked by Drew Doughty.
5:58 of 2nd period - Shot by Tyler Bertuzzi.
5:58 of 2nd period - Shot Blocked by Alex DeBrincat.
6:00 of 2nd period - Shot by Brett Pesce.
6:00 of 2nd period - Stopped by Connor Hellebuyck with a rebound.
6:02 of 2nd period - Shot by Radek Faksa.
6:02 of 2nd period - Shot Misses the Net.
6:04 of 2nd period - Shot by Radek Faksa.
6:04 of 2nd period - Stopped by Connor Hellebuyck without a rebound.
6:05 of 2nd period - Vladimir Sobotka wins face-off versus Nathan MacKinnon in Penguins zone.
6:15 of 2nd period - Vladimir Sobotka is hit by Brent Seabrook and loses puck.
6:38 of 2nd period - Nathan MacKinnon is hit by Brendan Lemieux and loses puck.
7:32 of 2nd period - Shot by Tyler Bertuzzi.
7:32 of 2nd period - Stopped by Connor Hellebuyck without a rebound.
7:33 of 2nd period - Jayson Megna wins face-off versus Nathan MacKinnon in Penguins zone.
7:45 of 2nd period - Nathan MacKinnon is hit by Brian Dumoulin and loses puck.
7:57 of 2nd period - Shot by Adam Henrique.
7:57 of 2nd period - Shot Misses the Net.
8:03 of 2nd period - Shot by Antoine Roussel.
8:03 of 2nd period - Stopped by Connor Hellebuyck without a rebound.
8:04 of 2nd period - Radek Faksa wins face-off versus Adrian Kempe in Penguins zone.
8:07 of 2nd period - Shot by Tyler Bertuzzi.
8:07 of 2nd period - Shot Blocked by Alexander Nylander.
8:11 of 2nd period - Shot by Tyler Bertuzzi.
8:11 of 2nd period - Shot Misses the Net.
8:20 of 2nd period - Radek Faksa is hit by Brent Seabrook and loses puck.
8:23 of 2nd period - Shot by Radek Faksa.
8:23 of 2nd period - Stopped by Connor Hellebuyck without a rebound.
8:24 of 2nd period - Max Domi wins face-off versus Adam Henrique in Penguins zone.
8:24 of 2nd period - Max Domi is hit by Antoine Roussel.
8:29 of 2nd period - Minor Penalty to Antoine Roussel for Hooking.
8:30 of 2nd period - Nathan MacKinnon wins face-off versus Vladimir Sobotka in Bruins zone.
8:33 of 2nd period - Shot by Nathan MacKinnon.
8:33 of 2nd period - Shot Misses the Net.
8:55 of 2nd period - Shot by Nathan MacKinnon.
8:55 of 2nd period - Deflect By Alex DeBrincat.
8:55 of 2nd period - Stopped by Tristan Jarry without a rebound.
8:56 of 2nd period - Nathan MacKinnon wins face-off versus Vladimir Sobotka in Bruins zone.
9:11 of 2nd period - Shot by Nathan MacKinnon.
9:11 of 2nd period - Stopped by Tristan Jarry without a rebound.
9:12 of 2nd period - Adam Henrique wins face-off versus Gabriel Landeskog in Bruins zone.
9:22 of 2nd period - Off-side.
9:23 of 2nd period - Vladimir Sobotka wins face-off versus Nathan MacKinnon in neutral zone.
9:35 of 2nd period - Icing by Shea Weber.
9:36 of 2nd period - Nathan MacKinnon wins face-off versus Vladimir Sobotka in Penguins zone.
9:57 of 2nd period - Brian Dumoulin is hit by Nathan MacKinnon and loses puck.
10:02 of 2nd period - Shot by Drew Doughty.
10:02 of 2nd period - Deflect By Nathan MacKinnon.
10:02 of 2nd period - Stopped by Tristan Jarry with a rebound.
10:04 of 2nd period - Shot by Drew Doughty.
10:04 of 2nd period - Shot Blocked by Brian Dumoulin.
10:06 of 2nd period - Shot by Nathan MacKinnon.
10:06 of 2nd period - Goal by Nathan MacKinnon - Bruins : 1 - Penguins : 2.
10:07 of 2nd period - Oliver Bjorkstrand wins face-off versus Adam Henrique in neutral zone.
10:10 of 2nd period - Shot by Clayton Keller.
10:10 of 2nd period - Shot Misses the Net.
10:17 of 2nd period - Icing by Jordan Oesterle.
10:18 of 2nd period - Adam Henrique wins face-off versus Adrian Kempe in Bruins zone.
10:28 of 2nd period - Michael Stone is hit by Marcus Pettersson and loses puck.
11:30 of 2nd period - Shot by Nathan MacKinnon.
11:30 of 2nd period - Shot Misses the Net.
11:40 of 2nd period - Shot by Gabriel Landeskog.
11:40 of 2nd period - Stopped by Tristan Jarry without a rebound.
11:41 of 2nd period - Alex DeBrincat wins face-off versus Vladimir Sobotka in Bruins zone.
11:42 of 2nd period - Shot by Nathan MacKinnon.
11:42 of 2nd period - Shot Blocked by Jonathon Merrill.
11:44 of 2nd period - Shot by Alex DeBrincat.
11:44 of 2nd period - Stopped by Tristan Jarry without a rebound.
11:45 of 2nd period - Vladimir Sobotka wins face-off versus Nathan MacKinnon in Bruins zone.
11:45 of 2nd period - Vladimir Sobotka is hit by Alex DeBrincat.
11:53 of 2nd period - Shot by Carl Hagelin.
11:53 of 2nd period - Stopped by Connor Hellebuyck without a rebound.
11:54 of 2nd period - Adam Henrique wins face-off versus Gabriel Landeskog in Penguins zone.
11:54 of 2nd period - Adam Henrique is hit by Shea Weber.
11:59 of 2nd period - Adam Henrique is hit by Drew Doughty and loses puck.
12:04 of 2nd period - Shot by Adam Henrique.
12:04 of 2nd period - Shot Misses the Net.
12:08 of 2nd period - Shot by Adam Henrique.
12:08 of 2nd period - Stopped by Connor Hellebuyck without a rebound.
12:09 of 2nd period - Radek Faksa wins face-off versus Nathan MacKinnon in Penguins zone.
12:14 of 2nd period - Shot by Tyler Bertuzzi.
12:14 of 2nd period - Stopped by Connor Hellebuyck without a rebound.
12:15 of 2nd period - Jonathan Huberdeau wins face-off versus Radek Faksa in Penguins zone.
12:32 of 2nd period - Shot by Alex DeBrincat.
12:32 of 2nd period - Stopped by Tristan Jarry without a rebound.
12:33 of 2nd period - Marcus Sorensen wins face-off versus Max Domi in Bruins zone.
12:37 of 2nd period - Carl Hagelin is hit by Brent Seabrook and loses puck.
12:38 of 2nd period - Minor Penalty to Oliver Bjorkstrand for High sticking.
12:39 of 2nd period - Radek Faksa wins face-off versus Max Domi in Penguins zone.
12:42 of 2nd period - Shot by Adam Henrique.
12:42 of 2nd period - Shot Misses the Net.
13:25 of 2nd period - Off-side.
13:26 of 2nd period - Max Domi wins face-off versus Jayson Megna in neutral zone.
14:17 of 2nd period - Shot by Brett Pesce.
14:17 of 2nd period - Stopped by Connor Hellebuyck without a rebound.
14:18 of 2nd period - Nathan MacKinnon wins face-off versus Radek Faksa in Penguins zone.
14:47 of 2nd period - Shot by Nathan MacKinnon.
14:47 of 2nd period - Stopped by Tristan Jarry with a rebound.
14:49 of 2nd period - Shot by Filip Hronek.
14:49 of 2nd period - Deflect By Nathan MacKinnon.
14:49 of 2nd period - Stopped by Tristan Jarry with a rebound.
15:15 of 2nd period - Shot by Jonathan Huberdeau.
15:15 of 2nd period - Shot Misses the Net.
15:24 of 2nd period - Icing by Carl Hagelin.
15:25 of 2nd period - Vladimir Sobotka wins face-off versus Adrian Kempe in Bruins zone.
15:49 of 2nd period - Shot by Alexander Nylander.
15:49 of 2nd period - Stopped by Tristan Jarry with a rebound.
15:51 of 2nd period - Shot by Alexander Nylander.
15:51 of 2nd period - Goal by Alexander Nylander - Bruins : 1 - Penguins : 3.
15:52 of 2nd period - Radek Faksa wins face-off versus Max Domi in neutral zone.
16:29 of 2nd period - Shot by Clayton Keller.
16:29 of 2nd period - Stopped by Tristan Jarry with a rebound.
16:31 of 2nd period - Shot by Marcus Pettersson.
16:31 of 2nd period - Stopped by Tristan Jarry without a rebound.
16:32 of 2nd period - Adam Henrique wins face-off versus Nathan MacKinnon in Bruins zone.
16:36 of 2nd period - Off-side.
16:37 of 2nd period - Nathan MacKinnon wins face-off versus Adam Henrique in neutral zone.
16:43 of 2nd period - Icing by Brian Dumoulin.
16:44 of 2nd period - Nathan MacKinnon wins face-off versus Adam Henrique in Bruins zone.
16:48 of 2nd period - Nathan MacKinnon is hit by Brett Pesce and loses puck.
16:59 of 2nd period - Shot by Gabriel Landeskog.
16:59 of 2nd period - Shot Misses the Net.
17:01 of 2nd period - Shot by Shea Weber.
17:01 of 2nd period - Deflect By Nathan MacKinnon.
17:01 of 2nd period - Shot Blocked by Brian Dumoulin.
17:21 of 2nd period - Shot by Gabriel Landeskog.
17:21 of 2nd period - Stopped by Tristan Jarry without a rebound.
17:22 of 2nd period - Radek Faksa wins face-off versus Adrian Kempe in Bruins zone.
17:22 of 2nd period - Radek Faksa is hit by Alex DeBrincat.
17:32 of 2nd period - Shot by Tyler Bertuzzi.
17:32 of 2nd period - Stopped by Connor Hellebuyck without a rebound.
17:33 of 2nd period - Max Domi wins face-off versus Brendan Lemieux in Penguins zone.
17:33 of 2nd period - Max Domi is hit by Vladimir Sobotka.
17:38 of 2nd period - Victor Mete is hit by Jonathon Merrill and loses puck.
17:49 of 2nd period - Shot by Carl Hagelin.
17:49 of 2nd period - Stopped by Connor Hellebuyck without a rebound.
17:50 of 2nd period - Nathan MacKinnon wins face-off versus Radek Faksa in Penguins zone.
18:18 of 2nd period - Shot by Gabriel Landeskog.
18:18 of 2nd period - Stopped by Tristan Jarry without a rebound.
18:19 of 2nd period - Nathan MacKinnon wins face-off versus Adam Henrique in Bruins zone.
18:26 of 2nd period - Shot by Alex DeBrincat.
18:26 of 2nd period - Stopped by Tristan Jarry without a rebound.
18:27 of 2nd period - Jonathan Huberdeau wins face-off versus Marcus Sorensen in Bruins zone.
18:36 of 2nd period - Shot by Jonathan Huberdeau.
18:36 of 2nd period - Deflect By Nathan MacKinnon.
18:36 of 2nd period - Shot Misses the Net.
19:27 of 2nd period - Shea Weber is hit by Radek Faksa.
19:52 of 2nd period - Alex Iafallo is hit by Drew Doughty and loses puck.
Goals for this period are 0 for Bruins vs 3 for Penguins.
Shots for this period are 15 for Bruins vs 18 for Penguins.

3rd period


0:01 of 3rd period - Nathan MacKinnon wins face-off versus Radek Faksa in neutral zone.
1:19 of 3rd period - Icing by Drew Doughty.
1:20 of 3rd period - Brendan Lemieux wins face-off versus Nathan MacKinnon in Penguins zone.
1:20 of 3rd period - Brendan Lemieux is hit by Drew Doughty.
1:50 of 3rd period - Minor Penalty to Brendan Lemieux for Holding.
1:51 of 3rd period - Vladimir Sobotka wins face-off versus Jonathan Huberdeau in Bruins zone.
2:16 of 3rd period - Shot by Jonathan Huberdeau.
2:16 of 3rd period - Stopped by Tristan Jarry without a rebound.
2:17 of 3rd period - Adrian Kempe wins face-off versus Adam Henrique in Bruins zone.
2:25 of 3rd period - Alex DeBrincat is hit by Brian Dumoulin and loses puck.
2:33 of 3rd period - Alex DeBrincat is hit by Brian Dumoulin.
3:03 of 3rd period - Drew Doughty is hit by Antoine Roussel and loses puck.
3:07 of 3rd period - Icing by Drew Doughty.
3:08 of 3rd period - Antoine Roussel wins face-off versus Alexander Nylander in Penguins zone.
3:34 of 3rd period - Shot by Drew Doughty.
3:34 of 3rd period - Shot Blocked by Antoine Roussel.
4:13 of 3rd period - Shot by Carl Hagelin.
4:13 of 3rd period - Shot Blocked by Brent Seabrook.
4:17 of 3rd period - Shot by Carl Hagelin.
4:17 of 3rd period - Shot Blocked by Brent Seabrook.
4:19 of 3rd period - Shot by Adam Henrique.
4:19 of 3rd period - Stopped by Connor Hellebuyck without a rebound.
4:20 of 3rd period - Max Domi wins face-off versus Radek Faksa in Penguins zone.
4:27 of 3rd period - Shot by Clayton Keller.
4:27 of 3rd period - Stopped by Tristan Jarry without a rebound.
4:28 of 3rd period - Nathan MacKinnon wins face-off versus Vladimir Sobotka in Bruins zone.
4:33 of 3rd period - Shot by Gabriel Landeskog.
4:33 of 3rd period - Shot Misses the Net.
4:54 of 3rd period - Icing by Marcus Pettersson.
4:55 of 3rd period - David Perron wins face-off versus Radek Faksa in Penguins zone.
5:06 of 3rd period - Shot by David Perron.
5:06 of 3rd period - Stopped by Tristan Jarry without a rebound.
5:07 of 3rd period - Max Domi wins face-off versus Radek Faksa in Bruins zone.
6:05 of 3rd period - Brent Seabrook is hit by Antoine Roussel and loses puck.
6:13 of 3rd period - Icing by Filip Hronek.
6:14 of 3rd period - Max Domi wins face-off versus Vladimir Sobotka in Penguins zone.
6:38 of 3rd period - Max Domi is hit by Brendan Lemieux and loses puck.
7:33 of 3rd period - Shot by Tyler Bertuzzi.
7:33 of 3rd period - Shot Misses the Net.
7:35 of 3rd period - Shot by Radek Faksa.
7:35 of 3rd period - Shot Blocked by Drew Doughty.
7:54 of 3rd period - Nathan MacKinnon is hit by Radek Faksa and loses puck.
8:10 of 3rd period - Icing by Radek Faksa.
8:11 of 3rd period - Radek Faksa wins face-off versus Adrian Kempe in Bruins zone.
8:11 of 3rd period - Radek Faksa is hit by Adrian Kempe.
8:30 of 3rd period - Icing by Victor Mete.
8:31 of 3rd period - Adam Henrique wins face-off versus Adrian Kempe in Penguins zone.
8:49 of 3rd period - Oskar Lindblom is hit by Antoine Roussel.
9:21 of 3rd period - Shot by Nathan MacKinnon.
9:21 of 3rd period - Shot Blocked by Brian Dumoulin.
9:23 of 3rd period - Shot by Brent Seabrook.
9:23 of 3rd period - Shot Misses the Net.
9:25 of 3rd period - Shot by Filip Hronek.
9:25 of 3rd period - Shot Misses the Net.
9:27 of 3rd period - Shot by Filip Hronek.
9:27 of 3rd period - Shot Misses the Net.
9:59 of 3rd period - Shot by Oliver Bjorkstrand.
9:59 of 3rd period - Stopped by Tristan Jarry without a rebound.
10:00 of 3rd period - Radek Faksa wins face-off versus Gabriel Landeskog in Bruins zone.
10:11 of 3rd period - Shot by Radek Faksa.
10:11 of 3rd period - Shot Blocked by Gabriel Landeskog.
10:14 of 3rd period - Icing by Gabriel Landeskog.
10:15 of 3rd period - Adam Henrique wins face-off versus Gabriel Landeskog in Penguins zone.
10:18 of 3rd period - Shot by Jayson Megna.
10:18 of 3rd period - Deflect By Adam Henrique.
10:18 of 3rd period - Stopped by Connor Hellebuyck without a rebound.
10:19 of 3rd period - Radek Faksa wins face-off versus Max Domi in Penguins zone.
10:53 of 3rd period - Icing by Shea Weber.
10:54 of 3rd period - Adam Henrique wins face-off versus Max Domi in Penguins zone.
11:11 of 3rd period - Shot by Adam Henrique.
11:11 of 3rd period - Shot Misses the Net.
11:16 of 3rd period - Jayson Megna is hit by Shea Weber and loses puck.
11:57 of 3rd period - Brendan Lemieux is hit by Gabriel Landeskog.
12:35 of 3rd period - Icing by Markus Nutivaara.
12:36 of 3rd period - Radek Faksa wins face-off versus Adrian Kempe in Bruins zone.
12:54 of 3rd period - Icing by Victor Mete.
12:55 of 3rd period - Antoine Roussel wins face-off versus Adrian Kempe in Penguins zone.
13:00 of 3rd period - Shot by Antoine Roussel.
13:00 of 3rd period - Shot Misses the Net.
13:40 of 3rd period - Shot by Shea Weber.
13:40 of 3rd period - Stopped by Tristan Jarry without a rebound.
13:41 of 3rd period - Radek Faksa wins face-off versus Clayton Keller in Bruins zone.
13:41 of 3rd period - Radek Faksa is hit by Oliver Bjorkstrand.
13:59 of 3rd period - Shot by Oliver Bjorkstrand.
13:59 of 3rd period - Stopped by Tristan Jarry with a rebound.
14:03 of 3rd period - Shot by Oliver Bjorkstrand.
14:03 of 3rd period - Shot Misses the Net.
14:05 of 3rd period - Shot by Filip Hronek.
14:05 of 3rd period - Shot Misses the Net.
14:07 of 3rd period - Shot by Filip Hronek.
14:07 of 3rd period - Shot Misses the Net.
14:09 of 3rd period - Shot by Oliver Bjorkstrand.
14:09 of 3rd period - Shot Misses the Net.
14:24 of 3rd period - Icing by Alex Iafallo.
14:25 of 3rd period - Radek Faksa wins face-off versus Nathan MacKinnon in Bruins zone.
14:49 of 3rd period - Icing by Radek Faksa.
14:50 of 3rd period - Nathan MacKinnon wins face-off versus Radek Faksa in Bruins zone.
15:28 of 3rd period - Shot by Jonathan Huberdeau.
15:28 of 3rd period - Goal by Jonathan Huberdeau - Bruins : 1 - Penguins : 4.
15:29 of 3rd period - Adam Henrique wins face-off versus Max Domi in neutral zone.
15:29 of 3rd period - Adam Henrique is hit by Oliver Bjorkstrand.
15:45 of 3rd period - Antoine Roussel is hit by Max Domi and loses puck.
15:54 of 3rd period - Shot by Max Domi.
15:54 of 3rd period - Deflect By Clayton Keller.
15:54 of 3rd period - Shot Misses the Net.
15:56 of 3rd period - Shot by Filip Hronek.
15:56 of 3rd period - Shot Blocked by Michael Stone.
17:16 of 3rd period - Icing by Drew Doughty.
17:17 of 3rd period - Adrian Kempe wins face-off versus Marcus Sorensen in Penguins zone.
17:17 of 3rd period - Adrian Kempe is hit by Marcus Sorensen.
17:22 of 3rd period - Off-side.
17:23 of 3rd period - Nathan MacKinnon wins face-off versus Tyler Bertuzzi in neutral zone.
17:32 of 3rd period - Shot by Nathan MacKinnon.
17:32 of 3rd period - Stopped by Tristan Jarry with a rebound.
17:34 of 3rd period - Shot by David Perron.
17:34 of 3rd period - Shot Misses the Net.
18:25 of 3rd period - Icing by Victor Mete.
18:26 of 3rd period - Adam Henrique wins face-off versus Adrian Kempe in Penguins zone.
18:53 of 3rd period - Shot by Michael Stone.
18:53 of 3rd period - Stopped by Connor Hellebuyck with a rebound.
18:55 of 3rd period - Shot by Jayson Megna.
18:55 of 3rd period - Shot Misses the Net.
18:57 of 3rd period - Shot by Jayson Megna.
18:57 of 3rd period - Shot Misses the Net.
19:24 of 3rd period - Shot by Vladimir Sobotka.
19:24 of 3rd period - Shot Misses the Net.
19:39 of 3rd period - Off-side.
19:40 of 3rd period - Nathan MacKinnon wins face-off versus Marcus Sorensen in neutral zone.
19:47 of 3rd period - Shot by Nathan MacKinnon.
19:47 of 3rd period - Stopped by Tristan Jarry with a rebound.
Goals for this period are 0 for Bruins vs 1 for Penguins.
Shots for this period are 3 for Bruins vs 9 for Penguins.